 Dungeon Crawl Stone Soup version 0.32-a0-953-g508020473e (webtiles) character file.

Game seed: 16902060893707905316

7 Dirtsage the Firebug (level 1, -1/13 HPs)
             Began as a Demonspawn Fire Elementalist on Apr 16, 2024.
             Slain by a hobgoblin (4 damage)
             ... on level 1 of the Dungeon.
             The game lasted 00:01:15 (129 turns).

Dirtsage the Firebug (Demonspawn Fire Elementalist)  Turns: 129, Time: 00:01:15

Health: -1/13      AC:  2    Str:  8    XL:     1   Next: 91%
Magic:  1/3        EV: 11    Int: 15    God:
Gold:   3          SH:  0    Dex: 13    Spells: 3/4 levels left

rFire   . . .        (no weapon)
rCold   . . .        (no shield)
rNeg    . . .        a - +0 robe
rPois   .            (no helmet)
rElec   .            (no cloak)
rCorr   .            (no gloves)
SInv    .            (no boots)
Will    .....        (no amulet)
Stlth   ++           (no ring)
HPRegen 0.22/turn    (no ring)
MPRegen 0.08/turn

%: no passive effects
@: no status effects
A: no striking features
a: no special abilities


You were on level 1 of the Dungeon.
You visited 1 branch of the dungeon, and saw 1 of its levels.

You collected 3 gold pieces.

Inventory:

Armour
 a - a +0 robe (worn)
Scrolls
 c - a scroll of teleportation {unknown}
 d - 2 scrolls of identify {unknown}
Potions
 b - a potion of magic


   Skills:
 - Level 1.7 Dodging
 - Level 1.7 Stealth
 - Level 2.0 Spellcasting
 - Level 1.0 Conjurations
 + Level 3.2 Fire Magic


You had 3 spell levels left.
You knew the following spells:

 Your Spells              Type           Power      Damage    Failure   Level
a - Foxfire               Conj/Fire      28%        2x1d5     10%         1

Your spell library contained the following spells:

 Spells                   Type           Power      Damage    Failure   Level
 Scorch                   Fire           22%        2d5       9%          2
 Inner Flame              Hex/Fire       6%         N/A       34%         3
 Volatile Blastmotes      Fire/Tloc      12%        2d11      34%         3
 Tukima's Dance           Hex            1%         N/A       54%         3
 Flame Wave               Conj/Fire      7%         2d5       67%         4
 Passage of Golubria      Tloc           1%         N/A       91%         4
 Yara's Violent Unravell  Hex/Alch       0%         3d3       99%         5


Dungeon Overview and Level Annotations

Branches:
Dungeon (1/15)

Altars:


Message History

The foxfire hits the goblin.
You kill the goblin!
Casting: Foxfire (safe; 10% risk of failure)
Confirm with . or Enter, or press ? or * to list all spells.
You don't have enough magic to cast this spell.
You hit the hobgoblin but do no damage. The hobgoblin hits you.
You take 3 damage, and have 6/13 hp.
MASSIVE DAMAGE!!
You barely miss the hobgoblin. The hobgoblin closely misses you.
You hit the hobgoblin.
The hobgoblin is moderately wounded.
The hobgoblin misses you.
You hit the hobgoblin.
The hobgoblin is severely wounded.
The hobgoblin misses you.
You hit the hobgoblin but do no damage.
The hobgoblin is severely wounded.
The hobgoblin hits you.
You take 2 damage, and have 5/13 hp.
You closely miss the hobgoblin.
The hobgoblin is severely wounded.
The hobgoblin hits you.
You take 1 damage, and have 4/13 hp.
You hit the hobgoblin but do no damage.
The hobgoblin is severely wounded.
The hobgoblin barely misses you.
You hit the hobgoblin but do no damage.
The hobgoblin is severely wounded.
The hobgoblin hits you but does no damage.
You barely miss the hobgoblin.
The hobgoblin is severely wounded.
The hobgoblin barely misses you.
You hit the hobgoblin.
The hobgoblin is severely wounded.
The hobgoblin hits you.
* * * LOW HITPOINT WARNING * * *
You take 2 damage, and have 3/13 hp.
You barely miss the hobgoblin.
The hobgoblin is severely wounded.
The hobgoblin hits you.
You die...

.########
......g@#
#######.#
#)# #.#
.# #.# .
#.#.#
#...##
#.#.#
#.#..#
#.#.#
#.##.#
#.#.#


You could see a hobgoblin.

Vanquished Creatures
  2 ball pythons (D:1)
  An endoplasm (D:1)
  A goblin (D:1)
  A hobgoblin (D:1)
  2 frilled lizards (D:1)
7 creatures vanquished.

Vanquished Creatures (others)
  12 foxfires (D:1)
12 creatures vanquished.

Grand Total: 19 creatures vanquished

Notes
Turn   | Place    | Note
-------+----------+-------------------------------------------
     0 | D:1      | Dirtsage the Demonspawn Fire Elementalist began the quest
                  | for the Orb.
     0 | D:1      | Reached XP level 1. HP: 13/13 MP: 3/3
    90 | D:1      | Reached skill level 3 in Fire Magic
   129 | D:1      | Slain by a hobgoblin

Illustrated notes

Levels and vault maps discovered:
D:1:      spicycebolla_arrival_clurvy, layout_loops_ring,
          basic_ecumenical_altar, serial_shops, nicolae_shop_just_a_little_nook

Skill      XL: |  1 |
---------------+----+-----
Fire Magic     | 3 |  3.2
Dodging        | |  1.7
Stealth        | |  1.7
Spellcasting   | |  2.0
Conjurations   | |  1.0

Action                     || total
---------------------------++-------
  Melee: Unarmed           ||    17
   Cast: Foxfire           ||     7
 Armour: Robe              ||     9
  Dodge: Dodged            ||    10

Table legend: (Time is in decaauts)
 A = Elapsed time spent in this place.
 B = Non-inter-level travel time spent in this place.
 C = Inter-level travel time spent in this place.
 D = Time resting spent in this place.
 E = Time spent auto-exploring this place.
 F = Levels seen in this place.
 G = Mean time per level.
                   A        B        C        D        E       F      G
               +--------+--------+--------+--------+--------+-----+--------+
         Total |    129 |    129 |      0 |      0 |     41 |   1 |  129.0 |
       Dungeon |    129 |    129 |      0 |      0 |     41 |   1 |  129.0 |
               +--------+--------+--------+--------+--------+-----+--------+

Top non-repeatable levels by time:
     D:1: 129 daAuts
